 Dungeon Crawl Stone Soup version 0.23-a0-38-g6d804a8 (webtiles) character file.

107 Amnesiac the Conjurer (level 4, -2/32 HPs)
             Began as a Mummy Conjurer on Aug 5, 2018.
             Slain by a hobgoblin
             ... wielding a +0 club
             ... led by Robin
              (3 damage)
             ... on level 3 of the Dungeon.
             The game lasted 00:03:31 (2109 turns).

Amnesiac the Conjurer (Mummy Conjurer)              Turns: 2109, Time: 00:03:32

Health: -2/32      AC:  2    Str: 11    XL:     4   Next: 56%
Magic:  0/9        EV: 12    Int: 15    God:
Gold:   128        SH:  0    Dex: 12    Spells: 4/10 levels left

rFire    x . .     SeeInvis .   (no weapon)
rCold    + . .     Gourm    .   (no shield)
rNeg     + + +     Faith    .   a - +0 robe
rPois    ∞         Spirit   .   (no helmet)
rElec    .         Reflect  .   (no cloak)
rCorr    .         Harm     .   (no gloves)
MR       .....                  (no boots)
Stlth    ++........             (no amulet)
HPRegen  0.10/turn              (no ring)
MPRegen  0.11/turn              (no ring)

@: no status effects
A: no food or potions, fire vulnerability, cold resistance 1, negative energy
resistance 3, torment resistance, unbreathing
a: no special abilities


You were on level 3 of the Dungeon.
You were not hungry.

You visited 1 branch of the dungeon, and saw 3 of its levels.

You collected 128 gold pieces.

Inventory:

Armour
 a - a +0 robe (worn)
Scrolls
 c - 2 scrolls of remove curse {!r}
 h - a scroll of fog {!r}
 i - a scroll of enchant armour {!r}


   Skills:
 + Level 1.4 Fighting
 * Level 2.5 Dodging
 - Level 1.5 Stealth
 + Level 3.7 Spellcasting
 * Level 3.8 Conjurations


You had 4 spell levels left.
You knew the following spells:

 Your Spells              Type           Power        Failure   Level  Hunger
b - Iskenderun's Mystic   Conj           ##......     36%         4    N/A
d - Searing Ray           Conj           ##....       6%          2    N/A

Your spell library contained the following spells:

 Spells                   Type           Power        Failure   Level  Hunger
 Magic Dart               Conj           ##..         3%          1    N/A
 Fulminant Prism          Conj/Hex       #.........   63%         4    N/A
 Dazzling Spray           Conj/Hex       #.....       26%         3    N/A
 Force Lance              Conj/Tloc      #.......     63%         4    N/A

Dungeon Overview and Level Annotations

Branches:
Dungeon (3/15)

Altars:
The Shining One

Annotations:
D:3 Natasha, Robin


Innate Abilities, Weirdness & Mutations

You do not eat or drink.
Your flesh is vulnerable to fire.
You are immune to poison.
Your flesh is cold resistant. (rC+)
You are immune to negative energy. (rN+++)
You are immune to unholy pain and torment.
You can survive without breathing.


Message History

You aren't carrying any weapons that can be enchanted.
The hobgoblin closely misses you. Robin misses you.
Cast which spell? (? or * to list)
You don't know that spell.
Unknown command.
Adjust (i)tems, (s)pells, or (a)bilities?
Okay, then.
You aren't carrying any items that you can evoke.
Unknown command.
Wield which item (- for none, * to show all)? (? for menu, Esc to quit)
Okay, then.
Okay, then.
You hit Robin.
Robin is lightly wounded.
The hobgoblin barely misses you.
You completely miss Robin.
Robin is lightly wounded.
Robin hits you with a club.
* * * LOW HITPOINT WARNING * * *
Natasha casts a spell.
The hobgoblin hits you but does no damage.
You hear a shout!
You hit Robin.
Robin is moderately wounded.
Robin misses you.
You closely miss Robin.
Robin is moderately wounded.
The hobgoblin barely misses you. Robin barely misses you.
You hit Robin.
Robin is heavily wounded.
The hobgoblin hits you but does no damage.
Robin completely misses you.
You barely miss Robin.
Robin is heavily wounded.
The hobgoblin closely misses you. Robin barely misses you.
Your magical contamination has completely faded away.
Cast which spell? (? or * to list)
Aiming: Searing Ray (safe; 6% risk of failure)
Press: ? - help, Shift-Dir - straight line, f - Robin
Aim: Robin, wielding a club, wearing an animal skin and wearing a helmet (heavily wounded)
The searing ray hits Robin.
Robin is heavily wounded. (Press . to maintain the ray.)
The hobgoblin misses you. Robin barely misses you.
Without enough magic to sustain it, your searing ray dissipates.
The hobgoblin completely misses you. Robin closely misses you.
You barely miss Robin.
Robin is heavily wounded.
The hobgoblin hits you with a club.
* * * LOW HITPOINT WARNING * * *
Robin hits you with a club.
* * * LOW HITPOINT WARNING * * *
You barely miss Robin.
Robin is heavily wounded.
The hobgoblin misses you.
Natasha mumbles some strange words.
Robin hits you but does no damage.
You hit Robin.
Robin is severely wounded.
The hobgoblin no longer looks unusually strong.
Natasha wildly gestures.
Natasha glows brightly for a moment.
The hobgoblin hits you with a club.
You die...

.....# #....##....#
.....# #....##.#.##
.....# #....##.#<# .....#
#.......###
.....###.......######
.....+.#.......#gh)h#
#....#.#.......#g##.#****
'....'...†...>.#g#..#,,,*
#....##.####†..g@#g##,*,*
#######..#*#..####g**,*,*
##.##....#*#g<,,*,*
#.####......,***,* #..#
#...).).* *,*
##.###.g.....* *,*
#..##.......* *,* #####
##.####.##..***,* ....#
#.##*,..*#.+,,,*


You could see Robin, Natasha, 2 hobgoblins and a goblin.

Vanquished Creatures
  Jessica (D:3)
  Natasha (D:3)
  An adder (D:2)
  A dart slug (D:1)
  A leopard gecko (D:2)
  A ball python (D:2)
  2 giant cockroaches
  4 hobgoblins
  3 jackals (D:1)
  4 bats
  4 frilled lizards
  12 goblins
  3 kobolds (D:1)
  4 rats
42 creatures vanquished.

Notes
Turn   | Place    | Note
-------+----------+-------------------------------------------
     0 | D:1      | Amnesiac the Mummy Conjurer began the quest for the Orb.
     0 | D:1      | Reached XP level 1. HP: 13/13 MP: 4/4
   373 | D:1      | Reached XP level 2. HP: 17/19 MP: 0/6
   436 | D:1      | Learned a level 2 spell: Searing Ray
  1301 | D:2      | Reached XP level 3. HP: 25/25 MP: 5/7
  1814 | D:3      | Reached skill level 1 in Fighting
  1831 | D:3      | Found a glowing golden altar of the Shining One.
  1836 | D:3      | Noticed Jessica
  1841 | D:3      | Killed Jessica
  1841 | D:3      | Reached XP level 4. HP: 32/32 MP: 3/9
  1884 | D:3      | Noticed Natasha
  1891 | D:3      | Killed Natasha
  1996 | D:3      | Learned a level 4 spell: Iskenderun's Mystic Blast
  2069 | D:3      | Noticed Robin
  2079 | D:3      | Noticed Natasha
  2107 | D:3      | HP: 1/32 [Robin/club (4)]
  2109 | D:3      | Slain by a hobgoblin

Vault maps used:
D:1:      minmay_arrival_solitary_statue
D:3:      nicolae_tso_carved_into_rock, marbit_many_paths, first_ration,
          uniq_robin, uniq_jessica, uniq_natasha

Skill      XL: |  1  2  3 |
---------------+----------+-----
Spellcasting   | 3 |  3.7
Dodging        | 2 |  2.5
Fighting       | 1 |  1.4
Stealth        | |  1.5
Conjurations   | |  3.8

Action                   |  1- 3 |  4- 6 || total
-------------------------+-------+-------++-------
Melee: Unarmed           |    22 |    11 ||    33
 Cast: Magic Dart        |    66 |    24 ||    90
       Searing Ray       |       |     1 ||     1
  Use: Scroll            |       |     7 ||     7
Armor: Robe              |    12 |     1 ||    13
Dodge: Dodged            |    29 |    24 ||    53

Table legend:
 A = Spawn XP
 B = Non-spawn XP
 C = Spawn XP percentage of total XP
 D = Spawn monster count
 E = Non-spawn monster count
 F = Spawn count percentage of total count
 G = Total turns spent on level
                    A         B        C        D         E        F      G
               +---------+---------+-------+---------+---------+-------+---------
         Total |       0 |     153 |   0.0 |       0 |      42 |   0.0 |  2109
               +---------+---------+-------+---------+---------+-------+---------
           D:1 |       0 |      28 |   0.0 |       0 |      18 |   0.0 |   908
           D:2 |       0 |      30 |   0.0 |       0 |      10 |   0.0 |   779
           D:3 |       0 |      95 |   0.0 |       0 |      14 |   0.0 |   422
               +---------+---------+-------+---------+---------+-------+---------
